 Dungeon Crawl Stone Soup version 0.31-a0-743-g45f7035092 (webtiles) character file.

Game seed: 1807707601672051378

140539 rjrrt the Executioner (level 16, -8/151 HPs)
             Began as a Minotaur Berserker on Sept 13, 2023.
             Was the Champion of Trog.
             Killed from afar by a spark wasp (28 damage)
             ... with a living lightning
             ... on level 3 of the Spider Nest.
             The game lasted 00:52:05 (26826 turns).

rjrrt the Executioner (Minotaur Berserker)         Turns: 26826, Time: 00:52:05

Health: -8/151     AC: 25    Str: 28    XL:     16   Next: 76%
Magic:  15/15      EV: 13    Int:  4    God:    Trog [******]
Gold:   721        SH:  9    Dex: 12    Spells: 15/15 levels left

rFire   . . .        a - +2 broad axe (elec)
rCold   . . .        m - +3 warlock's mirror {omnireflect}
rNeg    . . .        x - +1 plate armour {rPois}
rPois   +            (helmet restricted)
rElec   .            M - +2 cloak {Will+}
rCorr   .            H - +0 pair of gloves
SInv    +            N - +0 pair of boots
Will    +++..        F - amulet of regeneration Stlth
                     Q - ring of willpower
HPRegen 1.25/turn    C - ring of see invisible
MPRegen 0.14/turn

%: reflection
@: marked, very slightly contaminated
A: horns 2, retaliatory headbutt
a: Renounce Religion, Berserk, Trog's Hand, Brothers in Arms


You were on level 3 of the Spider Nest.
You worshipped Trog.
Trog was exalted by your worship.
You visited 5 branches of the dungeon, and saw 26 of its levels.
You also visited: Bailey.

You collected 3078 gold pieces.
You spent 2357 gold pieces at shops.

Inventory:

Hand Weapons
 a - a +2 broad axe of electrocution (weapon)
 b - a +4 vampiric trident
Missiles
 d - 2 javelins (quivered)
 s - 24 boomerangs
Armour
 m - the +3 warlock's mirror (worn) {omnireflect}
   (You bought it in a shop on level 2 of the Orcish Mines)

   Omnireflect: It can block and reflect piercing ranged attacks and magical
   attacks against the wielder's willpower.
 x - a +1 plate armour of poison resistance (worn)
 H - a +0 pair of gloves (worn)
 M - a +2 cloak of willpower (worn)
 N - a +0 pair of boots (worn)
Jewellery
 r - a ring of ice
 y - a ring of resist corrosion
 C - a ring of see invisible (right hand)
 F - an amulet of regeneration (around neck)
 P - a ring of protection from fire
 Q - a ring of willpower (left hand)
Wands
 n - a wand of paralysis (5)
 o - a wand of quicksilver (14)
 q - a wand of polymorph (9)
 v - a wand of iceblast (29)
 B - a wand of flame (45)
 D - a wand of digging (3)
Scrolls
 c - 9 scrolls of teleportation
 e - 2 scrolls of blinking
 i - 3 scrolls of revelation
 k - 3 scrolls of fog
 p - 3 scrolls of fear
 u - a scroll of identify
 A - 2 scrolls of summoning
 E - 4 scrolls of enchant armour
 J - 4 scrolls of poison
 O - a scroll of enchant weapon
Potions
 f - 3 potions of might
 g - 8 potions of attraction
 h - 2 potions of haste
 j - 7 potions of heal wounds
 l - 8 potions of curing
 t - 6 potions of enlightenment
 w - a potion of resistance
 z - a potion of mutation
 G - 2 potions of ambrosia
 I - a potion of berserk rage
 K - 3 potions of lignification
 L - 2 potions of invisibility


   Skills:
 + Level 16.2 Fighting
 + Level 21.5 Axes
 + Level 16.0 Armour
 + Level 14.6 Dodging
 + Level 7.8 Shields
 + Level 7.2 Evocations


You had 15 spell levels left.
You didn't know any spells.
Your spell library was empty.

Dungeon Overview and Level Annotations

Branches:
Dungeon (15/15)            Temple (0/1) D:5            Lair (5/5) D:9
 Shoals (0/4) Lair:2       Spider (3/4) Lair:3        Slime (0/5) Lair:5
    Orc (2/2) D:9             Elf (1/3) Orc:2        Vaults (0/5) D:14
 Depths (0/4) D:15         Bailey (visited)

Altars:
Cheibriados
Fedhas
Gozag
Kikubaaqudgha
Makhleb
Nemelex Xobeh
Okawaru
Trog

Shops:
D:1 ![   D:13 (   Orc:2 =!([

Annotations:
D:8 3 runed translucent doors, Joey1's ghost, novice MiBe
D:10 2 transporters, exclusion: obsidian statue
D:13 1 runed translucent door
Lair:1 exclusion: 2 oklob plants
Lair:5 exclusion: 2 oklob plants


Innate Abilities, Weirdness & Mutations

You have a pair of horns on your head.
You reflexively headbutt those who attack you in melee.


Message History

The jumping spider leaps!
You hit the spark wasp but do no damage.
Your headbutt misses the spark wasp.
The spark wasp is severely wounded.
You slash the radroach! The spark wasp stings you!! The spark wasp shocks you!
* * * LOW HITPOINT WARNING * * *
Unknown command.
Unknown command.
You closely miss the spark wasp.
The spark wasp is severely wounded.
You slash the radroach! Lightning courses through the radroach!
The spark wasp stings you but does no damage.
A wolf spider comes into view.
The radroach bites you but does no damage.
The radroach closely misses you.
You hit the spark wasp. You headbutt the spark wasp!
The spark wasp is almost dead.
You slice the radroach!! The spark wasp closely misses you.
A culicivora comes into view.
The radroach barely misses you. You block the radroach's attack.
Unknown command.
You completely miss the spark wasp.
The spark wasp is almost dead.
You hit the radroach. Lightning courses through the radroach!
The spark wasp stings you!
* * * LOW HITPOINT WARNING * * *
The spark wasp shocks you!
* * * LOW HITPOINT WARNING * * *
The jumping spider leaps!
A culicivora comes into view.
Unknown command.
You hit the spark wasp.
The spark wasp is almost dead.
You slash the radroach!
Lightning courses through the radroach!!
You kill the radroach!
Trog accepts your kill.
The spark wasp bursts into living lightning!
The living lightning hits you!!
You die...

...###.###
#.s..#.##
##.#s##..#### #
#..#)...###.# ..
#.#..#y.#..#..#
#..#^...#).......#
#.<....○.^###..###
#..####s...#^..#
#..B....#@y######
#.#..###.###.#..#
#..†.†..#<...###
###..##.#......#
#.#......##..##
^.###......#.^#
#.#. ##.##..#### #
# ####.## ###


You could see a spark wasp, a wolf spider, a moth of wrath and 2 culicivoras.

Vanquished Creatures
  Arachne (Spider:2)
  A sphinx (D:13)
  Kirke (Spider:1)
  An orc warlord (Orc:1)
  An emperor scorpion (Spider:2)
  2 broodmothers
  A dire elephant (D:15)
  Azrael (D:15)
  3 spark wasps
  2 ettins
  An entropy weaver (Spider:2)
  The ghost of cforsyth the Fighter, a journeyman DjCK of Hepliaklqana (D:10)
  A rakshasa (D:14)
  A vault guard (D:14)
  9 hydras
  6 ogre magi
  3 catoblepae
  A deep troll shaman (Lair:5)
  5 boulder beetles
  16 two-headed ogres
  4 radroaches
  7 death yaks
  5 demonic crawlers
  6 centaur warriors
  3 tengu warriors
  A skyshark (Lair:5)
  A fire crab (shapeshifter) (D:13)
  8 skeletal warriors
  A pharaoh ant (Spider:3)
  5 sun moths (Spider:2)
  2 orb spiders (Spider:2)
  2 lindwurms
  3 orc knights
  A harpy (Lair:2)
  2 orc sorcerers (Orc:1)
  7 ugly things
  3 steelbarb worms
  3 deep elf pyromancers
  4 manticores
  6 cyclopes
  A salamander (D:15)
  A moth of wrath (Spider:2)
  7 wolf spiders
  A guardian serpent (shapeshifter) (D:12)
  3 black mambas
  16 elephants
  14 cane toads
  A gargoyle (D:12)
  2 torpor snails
  A rime drake (shapeshifter) (D:13)
  Jeremiah (D:6)
  A rime drake (D:10)
  4 unseen horrors
  Maggie (D:9)
  2 tengu conjurers
  7 komodo dragons
  2 kobold demonologists (D:13)
  2 freezing wraiths
  10 trolls
  9 meliai
  8 tarantellas
  4 polar bears
  3 hornets
  10 dream sheep (Lair:5)
  11 blink frogs
  16 jumping spiders
  8 slime creatures
  2 centaur simulacra
  8 culicivoras
  2 wyverns
  Eustachio (D:5)
  A wraith (D:12)
  2 fire elementals (D:15)
  4 hogs (Spider:1)
  3 basilisks
  18 redbacks
  57 yaks
  5 steam dragons
  8 vampire mosquitoes
  8 wargs
  An acid dragon (D:12)
  10 water moccasins
  5 hell hounds (D:15)
  2 sky beasts
  3 black bears
  19 orc warriors
  6 ice beasts
  29 ogres
  11 centaurs
  10 wolves
  8 kobold brigands
  3 phantoms
  15 bullfrogs
  A gnoll sergeant (D:5)
  7 scorpions
  14 wights
  7 killer bees
  A vampire bat (D:5)
  8 howler monkeys
  5 lava snakes (D:12)
  2 electric eels (Spider:1)
  10 hounds
  11 orc priests
  A gnoll bouda (D:5)
  Terence (D:2)
  4 iguanas (D:6)
  Natasha (thrice) (D:2)
  18 orc wizards
  4 hell rats (Lair:4)
  7 adders
  6 gnolls (D:5)
  A shadow imp (D:7)
  A howler monkey simulacrum (D:10)
  6 white imps
  2 worms (D:4)
  A dart slug (D:2)
  3 fire bats (D:5)
  80 orcs
  2 spectral bats (D:5)
  7 ball pythons
  3 bat skeletons (D:5)
  A bat zombie (D:5)
  6 endoplasms
  A giant cockroach (D:2)
  14 goblins
  10 hobgoblins
  24 kobolds
  4 quokkas
  16 bats
  A bat simulacrum (D:5)
  4 frilled lizards
  8 rats
824 creatures vanquished.

Vanquished Creatures (collateral kills)
  Rupert (Lair:5)
  A tengu warrior (D:13)
  An orb spider (Spider:1)
  A jumping spider (Spider:1)
4 creatures vanquished.

Vanquished Creatures (others)
  A golden eye (shapeshifter) (D:13)
  A human (D:4)
  An orc wizard (D:13)
3 creatures vanquished.

Grand Total: 831 creatures vanquished

Notes
Turn   | Place    | Note
-------+----------+-------------------------------------------
     0 | D:1      | rjrrt the Minotaur Berserker began the quest for the Orb.
     0 | D:1      | Reached XP level 1. HP: 19/19 MP: 0/0
    27 | D:1      | Reached skill level 4 in Axes
    92 | D:1      | Reached XP level 2. HP: 22/26 MP: 1/1
   522 | D:1      | Found Zoamnow's Distillery.
   524 | D:1      | Reached skill level 5 in Axes
   524 | D:1      | Found Hufebbuu's Antique Armour Emporium.
   549 | D:1      | Bought a potion of degeneration for 11 gold pieces
   557 | D:1      | Reached XP level 3. HP: 31/31 MP: 2/2
   884 | D:2      | Reached ** piety under Trog
   893 | D:2      | Noticed Natasha
   900 | D:2      | Killed Natasha
  1006 | D:2      | Reached skill level 6 in Axes
  1006 | D:2      | Reached XP level 4. HP: 33/39 MP: 3/3
  1030 | D:2      | Noticed Natasha
  1036 | D:2      | Killed Natasha
  1130 | D:2      | Noticed Natasha
  1144 | D:2      | Killed Natasha
  1387 | D:2      | Reached skill level 7 in Axes
  1387 | D:2      | Reached XP level 5. HP: 33/45 MP: 4/4
  1545 | D:2      | Noticed Terence
  1556 | D:2      | Killed Terence
  1854 | D:3      | Noticed a phantom
  1863 | D:3      | Killed a phantom
  1863 | D:3      | Reached *** piety under Trog
  1864 | D:3      | Reached XP level 6. HP: 48/52 MP: 5/5
  2309 | D:4      | Reached skill level 8 in Axes
  2672 | D:4      | Found a burning altar of Makhleb.
  2672 | D:4      | Found a snail-covered altar of Cheibriados.
  2693 | D:4      | Reached XP level 7. HP: 60/60 MP: 6/6
  2949 | D:4      | Reached skill level 5 in Fighting
  2949 | D:4      | Reached skill level 9 in Axes
  3018 | D:4      | Found an ancient bone altar of Kikubaaqudgha.
  3030 | D:4      | Noticed a human
  3032 | D:4      | Killed a human
  3322 | D:5      | Entered Level 5 of the Dungeon
  3459 | D:5      | Reached XP level 8. HP: 68/68 MP: 7/7
  3527 | D:5      | Found a staircase to the Ecumenical Temple.
  3888 | D:5      | Reached **** piety under Trog
  3893 | D:5      | Reached skill level 5 in Armour
  3916 | D:5      | Reached skill level 10 in Axes
  4117 | D:5      | Noticed Eustachio
  4259 | D:5      | Killed Eustachio
  4260 | D:5      | Reached skill level 5 in Dodging
  4738 | D:6      | Noticed Jeremiah
  4834 | D:6      | Killed Jeremiah
  4835 | D:6      | Reached skill level 1 in Evocations
  4835 | D:6      | Reached XP level 9. HP: 78/78 MP: 8/8
  5126 | D:6      | Reached skill level 11 in Axes
  5949 | D:7      | Found a sparkling altar of Nemelex Xobeh.
  5957 | D:7      | Reached ***** piety under Trog
  6721 | D:7      | Reached skill level 12 in Axes
  6772 | D:8      | Found a flagged portal.
  6824 | Bailey   | Entered a bailey
  6881 | Bailey   | Received a gift from Trog
  7128 | Bailey   | Reached XP level 10. HP: 64/88 MP: 9/9
  7334 | Bailey   | Found a burning altar of Makhleb.
  7499 | D:8      | Found a runed translucent gate.
  7499 | D:8      | Found a runed translucent gate.
  7500 | D:8      | Found a runed translucent gate.
  7503 | D:8      | Noticed Joey1's ghost (novice MiBe)
  7504 | D:8      | Noticed an 11-headed hydra
  7504 | D:8      | Noticed an 11-headed hydra
  7891 | D:8      | Reached skill level 13 in Axes
  8135 | D:8      | Found an iron altar of Okawaru.
  8651 | D:9      | Found a staircase to the Orcish Mines.
  9145 | D:9      | Found a staircase to the Lair.
  9180 | D:9      | Noticed Maggie
  9191 | D:9      | Killed Maggie
  9415 | D:9      | Noticed a two-headed ogre
  9423 | D:9      | Reached XP level 11. HP: 97/97 MP: 10/10
  9428 | D:9      | Killed a two-headed ogre
  9490 | D:9      | Noticed a seven-headed hydra
  9506 | D:9      | Killed a seven-headed hydra
  9507 | D:9      | Reached skill level 14 in Axes
  9884 | D:9      | Identified the +0 scale mail "Efefe Ocod" {Int-4 Dex+4}
 10240 | Lair:1   | Entered Level 1 of the Lair of Beasts
 10665 | Lair:1   | Noticed a boulder beetle
 10708 | Lair:1   | Killed a boulder beetle
 11169 | Lair:1   | Reached skill level 10 in Fighting
 11292 | Lair:1   | Found a blossoming altar of Fedhas.
 11295 | Lair:1   | Noticed an oklob plant
 11296 | Lair:1   | Noticed an oklob plant
 11350 | Lair:1   | Reached skill level 15 in Axes
 11602 | Lair:2   | Received a gift from Trog
 11618 | Lair:2   | Reached skill level 10 in Armour
 11901 | Lair:2   | Reached XP level 12. HP: 92/107 MP: 11/11
 12254 | Lair:2   | Noticed a five-headed hydra
 12262 | Lair:2   | Killed a two-headed hydra
 12263 | Lair:2   | Reached skill level 16 in Axes
 12270 | Lair:2   | Noticed a boulder beetle
 12284 | Lair:2   | Killed a boulder beetle
 12464 | Lair:2   | Reached skill level 10 in Dodging
 12623 | Lair:2   | Found a staircase to the Shoals.
 13379 | Lair:3   | Reached skill level 17 in Axes
 13546 | Lair:3   | Found a hole to the Spider Nest.
 14147 | Lair:4   | Noticed a catoblepas
 14165 | Lair:4   | Killed a catoblepas
 14166 | Lair:4   | Reached XP level 13. HP: 26/117 MP: 12/12
 15526 | Lair:5   | Entered Level 5 of the Lair of Beasts
 15611 | Lair:5   | Reached skill level 18 in Axes
 15725 | Lair:5   | Received a gift from Trog
 15759 | Lair:5   | Found a staircase to the Slime Pits.
 15995 | Lair:5   | Noticed Rupert
 16003 | Lair:5   | Killed Rupert
 16687 | Lair:5   | Reached XP level 14. HP: 75/129 MP: 13/13
 16890 | Lair:5   | Reached skill level 19 in Axes
 17150 | Orc:1    | Entered Level 1 of the Orcish Mines
 17154 | Orc:1    | Noticed an orc warlord
 17179 | Orc:1    | Killed an orc warlord
 17831 | Orc:2    | Entered Level 2 of the Orcish Mines
 17873 | Orc:2    | Found a staircase to the Elven Halls.
 18284 | Orc:2    | HP: 6/130 [two-headed ogre/+0 giant club (13)]
 18460 | Orc:2    | Reached ****** piety under Trog
 18461 | Orc:2    | Reached skill level 20 in Axes
 18468 | Orc:2    | Received a gift from Trog
 18528 | Orc:2    | Found Etiumunu's Weapon Boutique.
 18528 | Orc:2    | Found Maxoolaedgh's Jewellery Shoppe.
 18529 | Orc:2    | Found Yrriusk's Antique Armour Emporium.
 18529 | Orc:2    | Found Adyol's Distillery.
 18547 | Orc:2    | Bought a potion of resistance for 160 gold pieces
 18547 | Orc:2    | Bought 2 potions of heal wounds for 160 gold pieces
 18547 | Orc:2    | Bought a potion of lignification for 48 gold pieces
 18547 | Orc:2    | Bought a potion of invisibility for 128 gold pieces
 18574 | Orc:2    | Bought an embroidered cloak for 240 gold pieces
 19054 | D:10     | Entered Level 10 of the Dungeon
 19206 | D:10     | Found a transporter.
 19232 | D:10     | Noticed cforsyth's ghost (journeyman DjCK)
 19321 | D:10     | Found a transporter.
 19489 | Orc:2    | Bought the +3 warlock's mirror {omnireflect} for 1280 gold
                  | pieces
 19489 | Orc:2    | Found the +3 warlock's mirror {omnireflect}
 19510 | Elf:1    | Entered Level 1 of the Elven Halls
 19638 | D:10     | Found an opulent altar of Gozag.
 19664 | D:10     | Found a runed translucent gate.
 19664 | D:10     | Found a runed translucent gate.
 19664 | D:10     | Found a runed translucent gate.
 19720 | D:10     | Found a bloodstained altar of Trog.
 19929 | Orc:2    | Bought a +2 broad axe of electrocution for 330 gold pieces
 20423 | D:10     | Killed cforsyth's ghost
 20495 | D:11     | Reached skill level 1 in Shields
 21201 | D:12     | Received a gift from Trog
 21202 | D:12     | Reached XP level 15. HP: 139/139 MP: 14/14
 21908 | D:12     | Identified the +8 chain mail of Nineeb {Stlth+}
 21912 | D:12     | Identified the staff "Petrugo" {rF+ Dex+3 Fire}
 22141 | D:13     | Reached skill level 5 in Evocations
 22173 | D:13     | Found Peulyryv's Weapon Boutique.
 22611 | D:13     | Found a runed translucent door.
 22624 | D:13     | Reached skill level 15 in Fighting
 22673 | D:13     | Noticed a sphinx
 22680 | D:13     | Found a runed translucent door.
 22977 | D:13     | Killed a sphinx
 23212 | D:13     | Noticed a tengu reaver
 23212 | D:13     | Noticed a fire giant
 23358 | D:14     | Received a gift from Trog
 23363 | D:14     | Reached skill level 5 in Shields
 23551 | D:14     | Reached skill level 15 in Armour
 23932 | D:14     | Reached skill level 21 in Axes
 23959 | D:14     | Found a gate to the Vaults.
 24144 | D:15     | Entered Level 15 of the Dungeon
 24304 | D:15     | Noticed Azrael
 24325 | D:15     | Killed Azrael
 24465 | D:15     | Reached XP level 16. HP: 96/149 MP: 15/15
 24507 | D:15     | Found a staircase to the Depths.
 25051 | Spider:1 | Entered Level 1 of the Spider Nest
 25410 | Spider:1 | Noticed Kirke
 25422 | Spider:1 | Killed Kirke
 25682 | Spider:2 | Noticed Arachne
 25699 | Spider:2 | Killed Arachne
 25856 | Spider:2 | You fall into a shaft and drop 1 floor!
 26771 | Spider:3 | Received a gift from Trog
 26826 | Spider:3 | Killed from afar by a spark wasp

Illustrated notes

Levels and vault maps discovered:
D:1:      spicycebolla_arrival_xxxplode, layout_loops_ring, serial_shops, shop,
          nicolae_shop_competitors_out_of_business, minmay_indecisive_spiral
D:2:      layout_rooms, minmay_divided_ellipse, uniq_terence, uniq_natasha
D:3:      layout_rooms, nicolae_elevator_lobby_plus
D:4:      layout_loops_cross, gammafunk_temple_overflow_wave, tgw_kikubaaqudgha,
          nicolae_figureground_sparkle
D:5:      layout_basic, minmay_temple_entry_waves, goddamned_bats,
          uniq_eustachio
D:6:      layout_loops_corners, uniq_jeremiah
D:7:      layout_loops_ring, lemuel_coloured_pillars_altar
D:8:      layout_loops_ring, mainiacjoe_overflow_surrounded_room,
          enter_bailey_2, gammafunk_ghost_hydra_chop
D:9:      minmay_spotlight, layout_loops_corners, erik_lair_island, erik_orc_3,
          uniq_maggie
D:10:     gammafunk_cloud_chamber, layout_irregular_city, trog_ov_bears_minmay,
          lemuel_tele_altar, gammafunk_ghost_icy, minivault_16
D:11:     layout_big_octagon
D:12:     kennysheep_four_of_diamonds, layout_rooms
D:13:     minmay_expanding_circles, layout_long_grid, serial_shops,
          nicolae_shop_bloodbath_and_beyond
D:14:     layout_long_grid, david_vaults_5, minivault_25
D:15:     hangedman_depths_entry_try_elsewhere_first, layout_irregular_city,
          minmay_liquid_box, uniq_azrael
Lair:1:   layout_regular_city, hangedman_tree_tricks, grunt_megastairs_1
Lair:2:   layout_gridlike, nicolae_shoals_entry_roost,
          infiniplex_staircase_pool_2, grunt_megastairs_3
Lair:3:   layout_misc_corridors, dummy_spider_entry
Lair:4:   nzn_winding_woodlands_medium [nzn_winding_woodlands_hourglass,
          nzn_winding_woodlands_5x15_garden, nzn_winding_woodlands_5x5_cross,
          nzn_winding_woodlands_5x5_default,
          nzn_winding_woodlands_center_diamonds,
          nzn_winding_woodlands_5x5_three, nzn_winding_woodlands_5x5_default,
          nzn_winding_woodlands_5x15_concentric,
          nzn_winding_woodlands_5x5_closed_star], layout_cave_shapes
Lair:5:   grunt_lair_end_beastmaster, layout_regular_city,
          minmay_slime_entry_oklob_open, grunt_megastairs_2, uniq_rupert
Spider:1: nicolae_spider_jumping_over_cracks [nicolae_spider_jumping_sub_moat,
          nicolae_spider_jumping_sub_narrow,
          nicolae_spider_jumping_sub_shuffled, nicolae_spider_jumping_sub_grid],
          uniq_kirke
Spider:2: layout_spider_delve, nicolae_spider_solar_radiation, uniq_arachne
Spider:3: nicolae_spider_hilbert_zone_3 [nicolae_spider_hilbert_4_sides_2_open,
          nicolae_spider_hilbert_3_sides_1_open,
          nicolae_spider_hilbert_3_sides_1_open,
          nicolae_spider_hilbert_3_sides_1_open,
          nicolae_spider_hilbert_3_sides_1_open,
          nicolae_spider_hilbert_4_sides_1_open,
          nicolae_spider_hilbert_4_sides_1_open,
          nicolae_spider_hilbert_4_sides_1_open,
          nicolae_spider_hilbert_4_sides_1_open,
          nicolae_spider_hilbert_4_sides_1_open,
          nicolae_spider_hilbert_4_sides_1_open,
          nicolae_spider_hilbert_4_sides_1_open,
          nicolae_spider_hilbert_4_sides_1_open,
          nicolae_spider_hilbert_3_sides_1_open,
          nicolae_spider_hilbert_3_sides_1_open,
          nicolae_spider_hilbert_3_sides_1_open,
          nicolae_spider_hilbert_3_sides_1_open]
Orc:1:    layout_diamond_mine
Orc:2:    st_orc_ogre_mass, layout_caves, basic_altar
Elf:1:    eino_elf_arrival_customs, layout_loops_ring, serial_shops,
          nicolae_shop_stone, minmay_elf_crystal_hexagon

Skill      XL: |  1  2  3  4  5  6  7  8  9 10 11 12 13 14 15 16 |
---------------+-------------------------------------------------+-----
Axes           | 4 5 6 7 8 9 10 12 13 15 17 18 20 21 | 21.5
Fighting       | 4 5 6 7 9 10 11 13 14 15 16 | 16.2
Armour         | 3 4 5 7 8 10 11 12 14 15 16 | 16.0
Dodging        | 3 4 5 6 7 9 10 11 13 14 | 14.6
Evocations     | 1 3 4 5 7 |  7.2
Shields        | 1 5 7 |  7.8

Action                     |  1- 3 |  4- 6 |  7- 9 | 10-12 | 13-15 | 16-18 || total
---------------------------+-------+-------+-------+-------+-------+-------++-------
  Melee: Hand axe          |    66 |   106 |   186 |       |       |       ||   358
         Headbutt          |    10 |    15 |    66 |    98 |   215 |    76 ||   480
         Punch             |     2 |       |     6 |     5 |     3 |       ||    16
         War axe           |       |       |   106 |   298 |       |       ||   404
         Trident           |       |       |    56 |     8 |    26 |       ||    90
         Battleaxe         |       |       |       |   156 |   289 |       ||   445
         Executioner's axe |       |       |       |       |   215 |       ||   215
         Broad axe         |       |       |       |       |   478 |   344 ||   822
  Throw: Javelin           |       |       |     2 |     1 |     3 |       ||     6
 Invoke: Berserk           |       |     3 |     6 |     4 |     6 |     2 ||    21
         Brothers in Arms  |       |       |       |       |     3 |     2 ||     5
         Trog's Hand       |       |       |       |       |     2 |     1 ||     3
  Evoke: Wand              |       |       |       |     2 |     5 |     5 ||    12
    Use: Scroll            |       |    12 |     6 |     2 |     7 |       ||    27
   Stab: Distracted        |       |       |       |       |     1 |       ||     1
 Armour: Animal skin       |     5 |       |       |       |       |       ||     5
         Ring mail         |    29 |    58 |       |       |       |       ||    87
         Chain mail        |       |    20 |   257 |       |   131 |       ||   408
         Scale mail        |       |       |     6 |    70 |       |       ||    76
         Plate armour      |       |       |       |   322 |   759 |   308 ||  1389
  Dodge: Dodged            |    39 |    43 |   173 |   217 |   513 |   219 ||  1204
  Block: Buckler           |       |       |       |       |   114 |   162 ||   276
         Reflection        |       |       |       |       |    19 |     2 ||    21

Table legend: (Time is in decaauts)
 A = Elapsed time spent in this place.
 B = Non-inter-level travel time spent in this place.
 C = Inter-level travel time spent in this place.
 D = Time resting spent in this place.
 E = Time spent auto-exploring this place.
 F = Levels seen in this place.
 G = Mean time per level.
                   A        B        C        D        E       F      G
               +--------+--------+--------+--------+--------+-----+--------+
         Total |  26642 |  25152 |   1490 |   3890 |  14790 |  27 |  986.7 |
       Dungeon |  15344 |  14499 |    845 |   1746 |   9583 |  15 | 1022.9 |
          Lair |   6924 |   6738 |    186 |   1374 |   3827 |   5 | 1384.8 |
   Spider Nest |   1623 |   1586 |     37 |    205 |    578 |   3 |  541.0 |
  Orcish Mines |   2188 |   1767 |    421 |    256 |    801 |   2 | 1094.0 |
   Elven Halls |      3 |      3 |      0 |      0 |      0 |   1 |    3.0 |
        Bailey |    557 |    557 |      0 |    308 |      0 |   1 |  557.0 |
               +--------+--------+--------+--------+--------+-----+--------+

Top non-repeatable levels by time:
     D:9: 2064 daAuts
  Lair:4: 1556 daAuts
  Lair:1: 1534 daAuts
  Lair:2: 1509 daAuts
  Lair:5: 1501 daAuts
     D:5: 1441 daAuts
    D:13: 1220 daAuts
    D:10: 1211 daAuts
   Orc:1: 1200 daAuts
     D:6: 1115 daAuts
     D:4: 1062 daAuts
     D:8: 1058 daAuts
   Orc:2: 988 daAuts
     D:2: 983 daAuts
Spider:2: 921 daAuts
